 Dungeon Crawl Stone Soup version 0.30.1-9-gdf580d7c3d (webtiles) character file.

Game seed: 990972484490730113

279 Kranky the Trooper (level 6, 0/55 HPs)
             Began as a Minotaur Fighter on Oct 22, 2023.
             Slain by a water moccasin (3 damage)
             ... on level 6 of the Dungeon.
             The game lasted 00:04:02 (2314 turns).

Kranky the Trooper (Minotaur Fighter)               Turns: 2314, Time: 00:04:03

Health: 0/55       AC:  8    Str: 23    XL:     6   Next: 5%
Magic:  5/5        EV: 10    Int:  5    God:
Gold:   160        SH:  4    Dex:  9    Spells: 5/5 levels left

rFire   . . .        a - +0 trident
rCold   . . .        c - +0 buckler
rNeg    . . .        b - +0 scale mail
rPois   .            (helmet restricted)
rElec   .            l - +0 cloak
rCorr   .            (no gloves)
SInv    .            (no boots)
Will    .....        (no amulet) Stlth
                     (no ring)
HPRegen 0.29/turn    (no ring)
MPRegen 0.09/turn

%: no passive effects
@: mighty, lethally poisoned (0 -> -17)
A: horns 2, retaliatory headbutt
a: no special abilities


You were on level 6 of the Dungeon.
You visited 1 branch of the dungeon, and saw 4 of its levels.

You collected 160 gold pieces.

Inventory:

Hand Weapons
 a - a +0 trident (weapon)
Missiles
 k - a throwing net (quivered)
Armour
 b - a +0 scale mail (worn)
 c - a +0 buckler (worn)
 l - a +0 cloak (worn)
Jewellery
 i - a ring of positive energy
Scrolls
 e - a scroll of silence {unknown}
 g - a scroll of immolation {unknown}
 j - 2 scrolls of identify {unknown}
Potions
 f - 3 potions of attraction {unknown}
 h - a potion of mutation {unknown}
 m - a potion of degeneration {unknown}


   Skills:
 + Level 4.9 Fighting
 + Level 4.0 Polearms
 + Level 4.8 Armour
 + Level 2.6 Dodging
 + Level 4.8 Shields


You had 5 spell levels left.
You didn't know any spells.
Your spell library contained the following spells:

 Spells                   Type           Power      Damage    Failure   Level
 Lesser Beckoning         Tloc           0%         N/A       93%         2
 Gell's Gravitas          Tloc           0%         N/A       99%         3
 Teleport Other           Tloc           0%         N/A       99%         3
 Dispersal                Tloc           0%         N/A       100%        6


Dungeon Overview and Level Annotations

Branches:
Dungeon (3/15)

Altars:
Ashenzari
Kikubaaqudgha


Innate Abilities, Weirdness & Mutations

You have a pair of horns on your head.
You reflexively headbutt those who attack you in melee.


Message History

Your headbutt misses the water moccasin.
The water moccasin is moderately wounded.
You feel very sick. You block the water moccasin's attack.
The water moccasin bites you but does no damage.
You barely miss the water moccasin.
Your headbutt misses the water moccasin.
The water moccasin is moderately wounded.
You feel very sick. The water moccasin bites you.
You are more poisoned.
The water moccasin poisons you!
You closely miss the water moccasin.
The water moccasin is moderately wounded.
You feel very sick. The water moccasin barely misses you.
The water moccasin misses you.
You barely miss the water moccasin.
The water moccasin is moderately wounded.
You feel very sick. You block the water moccasin's attack.
Unknown command.
You barely miss the water moccasin.
Your headbutt misses the water moccasin.
The water moccasin is moderately wounded.
You feel very sick. The water moccasin bites you.
* * * LOW HITPOINT WARNING * * *
You block the water moccasin's attack.
You puncture the water moccasin!
Your headbutt misses the water moccasin.
The water moccasin is severely wounded.
You feel sick. The water moccasin bites you.
* * * LOW HITPOINT WARNING * * *
You are lethally poisoned!
The water moccasin poisons you!
You feel very mighty all of a sudden.
* * * LOW HITPOINT WARNING * * *
You feel very sick. The water moccasin bites you.
You die...

##############
.............####
.#......####....# .##
.#.....##.##.##.# ..##
.#....##..##.##.## ....#
.#...##...##.##..###
...#
.#..##....##.###@#.#####
....# .#.##........#
#S#..#..##....##
####......####
#..S....#.<....#
...#......#
##.............#
._.########
#................
...#....
#(...............
#####...
#.............#.# .#..#
.. ..#.............##
.#...#
...##............#


You could see a water moccasin.

Vanquished Creatures
  A phantom (D:6)
  A bullfrog (D:6)
  A hound (D:6)
  3 adders
  A white imp (D:6)
  A worm (D:2)
  5 dart slugs
  6 ball pythons
  7 endoplasms
  A giant cockroach (D:1)
  4 hobgoblins
  A quokka (D:2)
  7 bats
  5 frilled lizards
  6 goblins
  14 kobolds
  5 rats
69 creatures vanquished.

Notes
Turn   | Place    | Note
-------+----------+-------------------------------------------
     0 | D:1      | Kranky the Minotaur Fighter began the quest for the Orb.
     0 | D:1      | Reached XP level 1. HP: 19/19 MP: 0/0
   184 | D:1      | Reached XP level 2. HP: 27/27 MP: 1/1
   617 | D:1      | Reached skill level 1 in Dodging
   627 | D:1      | Reached XP level 3. HP: 19/33 MP: 2/2
  1287 | D:2      | Found an ancient bone altar of Kikubaaqudgha.
  1418 | D:2      | Reached XP level 4. HP: 40/40 MP: 3/3
  2125 | D:3      | You fall into a shaft and drop 3 floors!
  2126 | D:6      | Found a broken altar of Ashenzari.
  2145 | D:6      | Noticed a phantom
  2152 | D:6      | Killed a phantom
  2153 | D:6      | Reached XP level 5. HP: 47/47 MP: 4/4
  2295 | D:6      | Noticed a water moccasin
  2307 | D:6      | Reached XP level 6. HP: 35/55 MP: 5/5
  2314 | D:6      | Slain by a water moccasin

Illustrated notes

Levels and vault maps discovered:
D:1:      sevenhm_arrival_forest_fort_small_3, layout_basic
D:2:      layout_basic, basic_altar
D:3:      layout_loops_ring, grunt_ministairs_15
D:6:      layout_cave_pools, kennysheep_mini_moat, nicolae_ashenzari_panopticon,
          nicolae_concentric_dashed_squares_wild

Skill      XL: |  1  2  3  4  5 |
---------------+----------------+-----
Dodging        | 1 2 |  2.6
Fighting       | 4 |  4.9
Armour         | 4 |  4.8
Polearms       | 3 4 |  4.0
Shields        | 4 |  4.8

Action                     |  1- 3 |  4- 6 || total
---------------------------+-------+-------++-------
  Melee: Trident           |   103 |    61 ||   164
         Headbutt          |    12 |     3 ||    15
    Use: Potion            |       |     1 ||     1
 Armour: Scale mail        |    44 |    22 ||    66
  Dodge: Dodged            |    37 |    22 ||    59
  Block: Buckler           |    13 |     8 ||    21
